cohdb
Replays
Latest Replays
All Replays
Popular Replays
Top Player Replays
Match Explorer
How It Works
Community
CoH3 Stats
Reddit
Sign in to upload your games and track your stats! →
Sign in with Steam
Match 45686689
Unlisted
Match 45686689
Overview
Messages
Build Orders
End
Kradschützen Motorcycle Team
250 Light Carrier
Panzergrenadier Squad
Panzergrenadier Squad
Panzergrenadier Squad
Construct Light Support Kompanie
Fire Support Elements
2.5-tonne Medical Truck
Pak 38 Mechanized Group
Pak 38 Anti-tank Gun Team
Selects Armored Support Battlegroup
Selects Salvage Kits
Selects Veteran Gunners
Flakvierling Half-track
Selects Panzer Storm
MG34 Team
Construct Panzerarmee Kommand
Armored Reserves
Panzer IV Assault Group
Rapid Advance
Emergency Repair Kits
Selects Stuka Anti-tank Loiter
Stuka Anti-tank Loiter
Selects Flammpanzer III Medium Tank
Tiger Heavy Tank
Stuka Anti-tank Loiter
Selects Command Panzer IV F Medium Tank
Command Panzer IV F Medium Tank
Panzerpioneer Squad
Stuka Anti-tank Loiter
Basecoh3 @ Youtube
Lardt
deceiv3r
aSIIDemolitionHammer
0
0
Comments
sign in to comment!
No comments posted yet!